 Dungeon Crawl Stone Soup version 0.31-a0-237-g2d982f9f85 (webtiles) character file.

Game seed: 3009754305637278442

1019 qw the Skirmisher (level 8, -11/49 HPs)
             Began as a Gargoyle Hexslinger on July 10, 2023.
             Mangled by an ogre
             ... wielding a +0 giant club
              (15 damage)
             ... on level 6 of the Dungeon.
             The game lasted 00:01:23 (4623 turns).

qw the Skirmisher (Gargoyle Hexslinger)             Turns: 4623, Time: 00:01:23

Health: -11/49     AC: 10    Str: 12    XL:     8   Next: 22%
Magic:  9/9        EV: 10    Int: 14    God:
Gold:   322        SH:  0    Dex: 14    Spells: 8/9 levels left

rFire   . . .        Y - +0 arbalest
rCold   + . .        (shield currently unavailable)
rNeg    + . .        g - +0 ring mail
rPois   inf          (no helmet)
rElec   +            (no cloak)
rCorr   .            (no gloves)
SInv    .            (no boots)
Will    .....        (no amulet)
Stlth   +            h - ring of protection from cold
HPRegen 0.28/turn    (no ring)
MPRegen 0.11/turn

%: no passive effects
@: unable to drink
A: sickness immunity, AC +5, negative energy resistance 1, electricity
resistance, torment resistance 1, petrification resistance, inability to drink
after injury 2
a: no special abilities


You were on level 6 of the Dungeon.
You visited 2 branches of the dungeon, and saw 7 of its levels.

You collected 322 gold pieces.


Innate Abilities, Weirdness & Mutations

You are immune to sickness and miasma.
Your stone body is resilient. (AC +5)
You are immune to poison.
You resist negative energy. (rN+)
You are resistant to electric shocks. (rElec)
You are resistant to unholy torment.
You are immune to petrification.
You sometimes lose the ability to drink potions when taking damage.


   Skills:
 - Level 5.0 Fighting
 + Level 8.2 Ranged Weapons
 - Level 1.0 Armour
 - Level 1.5 Dodging
 - Level 1.0 Spellcasting
 - Level 2.6 Hexes


You had 8 spell levels left.
You knew the following spells:

 Your Spells              Type           Power      Damage    Failure   Level
a - Slow                  Hex            32%        N/A       21%         1

Your spell library contained the following spells:

 Spells                   Type           Power      Damage    Failure   Level
 Inner Flame              Hex/Fire       4%         N/A       71%         3
 Portal Projectile        Hex/Tloc       8%         N/A       71%         3
 Cause Fear               Hex            4%         N/A       89%         4

Inventory:

Hand Weapons
 Y - a +0 arbalest (weapon)
Armour
 g - a +0 ring mail (worn)
Jewellery
 h - a ring of protection from cold (left hand)
Scrolls
 b - 2 scrolls of identify
 c - a scroll of enchant armour
Potions
 a - a potion of enlightenment
 d - 4 potions of heal wounds
 e - a potion of magic {unknown}
 j - a potion of cancellation {unknown}
 k - a potion of ambrosia {unknown}

Dungeon Overview and Level Annotations

Branches:
Dungeon (6/15)             Temple (1/1) D:5

Altars:
Ashenzari
Cheibriados
Dithmenos
Gozag
Hepliaklqana
Kikubaaqudgha
Makhleb
Qazlal
Ru
Sif Muna
Trog
Uskayaw
Xom
Yredelemnul
The Shining One


Message History

Enter note:
Enter note:
Enter note: You shoot a bolt.
The bolt hits the kobold!
You kill the kobold!
A hound comes into view.
Something unseen opens the large door.
The hobgoblin hits you but does no damage.
A gnoll comes into view. It is wielding a +0 flail.
A gnoll comes into view. It is wielding a +0 spear.
The hound moves out of view.
You shoot a bolt. The bolt hits the hobgoblin!
You kill the hobgoblin!
The gnoll misses you. The ogre hits you with a +0 giant club!
The gnoll hits you from afar with a +0 spear.
You feel threatened and lose the ability to drink potions!
A gnoll bouda comes into view. It is wielding a +0 whip.
You shoot a bolt. The bolt barely misses the ogre.
The bolt hits the kobold!
You kill the kobold!
The gnoll hits you but does no damage.
A hobgoblin comes into view.
The ogre hits you with a +0 giant club!!
Ouch! That really hurt!
You shoot a bolt. The bolt hits the ogre!
The ogre is moderately wounded.
The gnoll bouda barks out a call to the hunt!
The gnoll picks up the pace!
A kobold comes into view. It is wielding a +0 short sword.
The gnoll hits you but does no damage. The ogre closely misses you.
The gnoll completely misses you.
The kobold shouts!
You shoot a bolt. The bolt hits the ogre!
The ogre is almost dead.
The gnoll hits you from afar with a +0 spear.
The ogre barely misses you.
You shoot a bolt.
The bolt hits the ogre but does no damage.
The ogre is almost dead.
The gnoll barely misses you. The ogre hits you with a +0 giant club!
You die... ############### .Kg'...#.....# ghg$..#.....# ###O#.$.#PP7..# #..@# #7PP..# #...# 7.7..# ..... #.>.### #7P...# ggKg

#...#P777.7...# #####
##'''#PPPPP...##
###777..P7777....7PPP7....#
7.7P7P..PP7PP.....P7P.....#
7..P.P..P7P7P.....P.P....##
.P......P.P.............##


You could see an ogre, a gnoll bouda, a hound, a gnoll (swift), a hobgoblin and
a kobold.

Vanquished Creatures
  Menkaure (D:4)
  A sky beast (D:6)
  An ogre (D:5)
  A phantom (D:4)
  2 centaurs
  A bullfrog (D:6)
  4 hounds
  A jelly (D:4)
  4 iguanas
  2 sleepcaps
  A gnoll (D:6)
  5 adders
  An ufetubus (D:6)
  A dart slug (D:2)
  An orc (D:4)
  6 bats
  8 endoplasms
  5 giant cockroaches
  5 goblins
  5 hobgoblins
  3 jackals (D:3)
  12 kobolds
  4 quokkas
  3 ball pythons
  6 frilled lizards
  5 rats
89 creatures vanquished.

Notes
Turn   | Place    | Note
-------+----------+-------------------------------------------
     0 | D:1      | qw the Gargoyle Hexslinger began the quest for the Orb.
     0 | D:1      | Reached XP level 1. HP: 12/12 MP: 2/2
     0 | D:1      | 0 ||| qw: Version: 0.3-a-52-g30416fa
     0 | D:1      | 0 ||| qw: Game counter: 5146
     0 | D:1      | 0 ||| qw: Melee chars always use a shield: true
     0 | D:1      | 0 ||| qw: God list: Okawaru
     0 | D:1      | 0 ||| qw: Allow faded altars: false
     0 | D:1      | 0 ||| qw: Do Orc after clearing Dungeon:15 true
     0 | D:1      | 0 ||| qw: Do second Lair branch before Depths: true
     0 | D:1      | 0 ||| qw: Lair rune preference: random
     0 | D:1      | 0 ||| qw: Goals: Normal
     0 | D:1      | 0 ||| PLANNING D:1-11
   286 | D:1      | Reached XP level 2. HP: 13/16 MP: 3/3
   501 | D:1      | Reached skill level 3 in Ranged Weapons
   808 | D:1      | 808 ||| UPGRADING to +0 ring mail.
   818 | D:1      | 818 ||| DROPPING +0 robe.
   819 | D:1      | 819 ||| UPGRADING to ring of protection from cold.
   820 | D:1      | 820 ||| READING scroll labelled CUOS KAGIS QUK.
   821 | D:1      | 821 ||| READING scroll labelled KEYR ODOTHUQUPT.
   822 | D:1      | 822 ||| DROPPING scroll of poison.
   916 | D:2      | Identified the +1 plate armour "Mimig" {Harm Fly Dex+3}
  1040 | D:2      | Reached XP level 3. HP: 21/21 MP: 4/4
  1287 | D:2      | Found a faded altar of an unknown god.
  1364 | D:2      | 1364 ||| READING scroll labelled OPAREA CAENU.
  1365 | D:2      | 1365 ||| READING 2 scrolls labelled UCOSHY RUYMM.
  1387 | D:3      | 1387 ||| STAIRDANCE
  1483 | D:3      | 1483 ||| SWAPPING to +0 arbalest.
  1485 | D:3      | 1485 ||| DROPPING +2 sling.
  1486 | D:3      | Found a basalt altar of Yredelemnul.
  1682 | D:3      | Reached XP level 4. HP: 26/26 MP: 5/5
  1778 | D:3      | 1778 ||| READING scroll labelled BYMYCVEERY.
  1779 | D:3      | 1779 ||| DRINKING 2 ruby potions.
  1780 | D:3      | 1780 ||| READING 2 scrolls of identify.
  1780 | D:3      | 1780 ||| IDENTIFYING bubbling puce potion
  1806 | D:4      | Reached skill level 4 in Ranged Weapons
  1841 | D:4      | Reached skill level 1 in Armour
  1873 | D:4      | Found a shimmering blue altar of Sif Muna.
  1896 | D:4      | Noticed Menkaure
  1901 | D:4      | Killed Menkaure
  1902 | D:4      | Reached skill level 5 in Ranged Weapons
  1902 | D:4      | Reached XP level 5. HP: 21/30 MP: 6/6
  1981 | D:4      | Reached XP level 6. HP: 18/36 MP: 7/7
  2123 | D:4      | Reached skill level 3 in Fighting
  2600 | D:4      | Reached skill level 6 in Ranged Weapons
  2600 | D:4      | Reached XP level 7. HP: 18/42 MP: 8/8
  2926 | D:4      | 2926 ||| READING scroll labelled WASODO XELOTUAJILE.
  2931 | D:4      | 2931 ||| READING 2 scrolls of identify.
  2931 | D:4      | 2931 ||| IDENTIFYING fuming clear potion
  2932 | D:4      | 2932 ||| DROPPING potion of attraction.
  2940 | D:5      | Entered Level 5 of the Dungeon
  3002 | D:5      | Found a staircase to the Ecumenical Temple.
  3003 | D:5      | 3003 ||| PLANNING TEMPLE
  3011 | Temple   | Entered the Ecumenical Temple
  3192 | Temple   | 3192 ||| PLANNING D:1-11
  3301 | D:5      | Found a bloodstained altar of Trog.
  3427 | D:5      | Found a glowing golden altar of the Shining One.
  3931 | D:5      | Reached skill level 7 in Ranged Weapons
  4038 | D:5      | You fall into a shaft and drop 1 floor!
  4107 | D:6      | Reached skill level 8 in Ranged Weapons
  4126 | D:6      | 4126 ||| READING scroll labelled OGOUNL LUMPUIM.
  4127 | D:6      | 4127 ||| READING scroll labelled UDYIRCHU YSOM.
  4128 | D:6      | 4128 ||| READING scroll labelled EWIOWURGH PULAMALENG.
  4129 | D:6      | 4129 ||| DRINKING 3 fizzy purple potions.
  4129 | D:6      | Gained mutation: You are vulnerable to heat. (rF-) [potion
                  | of mutation]
  4129 | D:6      | Gained mutation: Your large and strong wings let you fly.
                  | [potion of mutation]
  4130 | D:6      | 4130 ||| DRINKING 2 potions of mutation.
  4130 | D:6      | Lost mutation: You are vulnerable to heat. (rF-) [potion of
                  | mutation]
  4130 | D:6      | Lost mutation: Your large and strong wings let you fly.
                  | [potion of mutation]
  4130 | D:6      | Gained mutation: You sometimes lose your temper in combat.
                  | [potion of mutation]
  4130 | D:6      | Gained mutation: You have a pair of small horns on your
                  | head. [potion of mutation]
  4131 | D:6      | 4131 ||| DRINKING potion of mutation.
  4131 | D:6      | Lost mutation: You have a pair of small horns on your head.
                  | [potion of mutation]
  4131 | D:6      | Lost mutation: You sometimes lose your temper in combat.
                  | [potion of mutation]
  4131 | D:6      | Gained mutation: You occasionally lose the ability to drink
                  | potions when taking damage. [potion of mutation]
  4131 | D:6      | Gained mutation: You sometimes lose the ability to drink
                  | potions when taking damage. [potion of mutation]
  4152 | D:5      | Reached XP level 8. HP: 28/48 MP: 9/9
  4533 | D:6      | Found a shadowy altar of Dithmenos.
  4620 | D:6      | HP: 6/49 [ogre/+0 giant club (25)]
  4623 | D:6      | Mangled by an ogre

Levels and vault maps discovered:
D:1:      minmay_arrival_plants_in_alcoves, layout_loops_corners
D:2:      layout_basic, dreamdust_ecumenical_altar_grove, minmay_close_crescents
D:3:      layout_basic, yredelemnul_altar_generic
D:4:      layout_layer_cave, mainiacjoe_overflow_six_doors_small, uniq_menkaure
D:5:      layout_basic, trog_three_pillars_becter,
          mainiacjoe_overflow_boulevard, minmay_temple_entry_trees,
          chequers_garden, chequers_arboretum
D:6:      kennysheep_housing_project, layout_cave_pools,
          nicolae_elyvilon_peaceful_grove, grunt_dithmenos_smoke_and_mirrors,
          chequers_serial_rivers_large_b, uniq_blork_the_orc
Temple:   chequers_temple_sunken

Skill      XL: |  1  2  3  4  5  6  7  8 |
---------------+-------------------------+-----
Ranged Weapons | 3 5 6 8 |  8.2
Fighting       | 2 3 4 5 |  5.0
Armour         | 1 |  1.0
Dodging        | |  1.5
Spellcasting   | |  1.0
Hexes          | |  2.6

Action                     |  1- 3 |  4- 6 |  7- 9 || total
---------------------------+-------+-------+-------++-------
   Fire: Sling             |   104 |       |       ||   104
         Arbalest          |    27 |    73 |    76 ||   176
    Use: Scroll            |     4 |     2 |     5 ||    11
         Potion            |       |     1 |     3 ||     4
 Armour: Robe              |    10 |       |       ||    10
         Ring mail         |    22 |    29 |    28 ||    79
  Dodge: Dodged            |    49 |    33 |    42 ||   124

Table legend:
 A = Non-vault XP
 B = Vault XP
 C = Vault XP percentage of total XP
 D = Non-vault monster count
 E = Vault monster count
 F = Vault count percentage of total count
                 A         B        C        D         E       F
            +---------+---------+-------+---------+---------+-------
      Total |    1265 |     192 |  13.2 |      81 |       8 |   9.0
            +---------+---------+-------+---------+---------+-------
        D:1 |      20 |       0 |   0.0 |      12 |       0 |   0.0
        D:2 |      25 |       5 |  16.7 |      14 |       3 |  17.6
        D:3 |      39 |       0 |   0.0 |      17 |       0 |   0.0
        D:4 |     368 |     169 |  31.5 |      21 |       1 |   4.5
        D:5 |     413 |       0 |   0.0 |       9 |       0 |   0.0
        D:6 |     400 |      18 |   4.3 |       8 |       4 |  33.3
            +---------+---------+-------+---------+---------+-------
